Get step-by-step instructions on how to execute this build order below. Start the game timer, and the build order will tick by so you can play in parallel with StarCraft on a second screen or mobile device.

Game Time

  0:00

Last Step

  N/A

Next Step

Upcoming Step



Don't want to look back and forth between 2 screens? Try out our Overwolf App, the Spawning Tool Build Advisor to get an in-game overlay with this build!

Complete Build Order

  12  0:00  SCV  
  13  0:12  SCV  
  14  0:17  Supply Depot  
  14  0:24  SCV  
  15  0:38  SCV  
  15  0:42  Barracks  
  16  0:44  Refinery  
  16  0:50  SCV  
  17  1:03  SCV  
  18  1:15  SCV  
  19  1:28  Orbital Command  
  19  1:29  Reaper  
  20  1:41  Command Center  
  20  1:49  Supply Depot  
  21  1:54  SCV  
  21  2:01  Marine  
  21  2:06  SCV  
  23  2:09  Factory  
  23  2:15  Bunker  
  23  2:18  SCV  
  23  2:21  Barracks Reactor  
  24  2:26  Refinery  
  24  2:30  SCV  
  25  2:42  SCV  
  26  2:52  Hellion  
  26  2:54  Orbital Command  
  26  2:55  SCV  
  26  2:56  Starport  
  29  2:59  Marine  
  29  3:01  Marine  
  31  3:07  SCV  
  32  3:15  Factory Tech Lab  
  32  3:16  Marine  
  32  3:18  Marine  
  32  3:19  SCV x2  
  36  3:23  Supply Depot  
  36  3:31  SCV x2  
  38  3:34  Siege Tank  
  38  3:36  Marine x2  
  38  3:41  Medivac  
  45  3:43  SCV  
  45  3:44  SCV  
  45  3:48  Supply Depot  
  47  3:54  Marine x2, Refinery  
  49  3:57  SCV x2  
  51  4:09  SCV x2  
  53  4:11  Marine  
  53  4:12  Marine  
  53  4:15  Factory Tech Lab  
  55  4:18  Raven  
  55  4:19  Supply Depot  
  55  4:21  SCV x2  
  59  4:29  Command Center  
  59  4:31  Interference Matrix  
  59  4:35  SCV x2  
  61  4:42  Siege Tank  
  64  4:52  Marine  
  62  4:54  SCV  
  62  4:55  SCV  
  62  4:56  Raven  
  66  5:06  SCV  
  67  5:07  SCV  
  67  5:08  Supply Depot  
  67  5:12  Barracks  
  66  5:18  SCV  
  66  5:19  Barracks, SCV  
  66  5:20  Factory Reactor, Engineering Bay  
  68  5:21  Engineering Bay  
  68  5:22  Stimpack, Marine  
  69  5:30  SCV  
  69  5:31  Supply Depot  
  69  5:35  SCV  
  71  5:37  Barracks x2, Refinery  
  71  5:38  Starport Reactor  
  71  5:41  Orbital Command, Marine  
  72  5:45  SCV  
  72  5:47  SCV  
  72  5:49  Terran Infantry Weapons Level 1  
  74  5:50  Terran Infantry Armor Level 1  
  74  5:57  SCV  
  74  5:59  SCV  
  74  6:00  Marine  
  74  6:01  Marine  
  74  6:02  Orbital Command, Marine  
  79  6:07  Siege Tank  
  79  6:10  SCV, Supply Depot  
  83  6:11  SCV  
  83  6:14  Marine  
  83  6:15  Marine  
  86  6:22  Marine, SCV  
  86  6:25  Marine  
  89  6:26  Barracks Reactor x2  
  89  6:27  SCV  
  89  6:28  SCV  
  91  6:32  Refinery  
  91  6:33  Marine  
  91  6:34  SCV  
  91  6:35  Medivac x2, Supply Depot  
  91  6:36  Marine x2  
  91  6:39  SCV  
  100  6:40  SCV  
  100  6:42  Marine  
  100  6:45  Siege Tank, Supply Depot  
  100  6:46  Marine  
  106  6:50  SCV  
  106  6:51  Marine  
  106  6:52  SCV  
  109  6:56  SCV  
  109  6:58  Armory, Supply Depot  
  109  7:01  Marine x2  
  110  7:03  Marine x5  
  110  7:06  SCV x2  
  119  7:09  Supply Depot  
  119  7:14  Marine x2  
  121  7:17  SCV  
  121  7:19  Marine, SCV x2  
  125  7:27  Marine x4  
  127  7:31  Command Center, Marine  
  127  7:38  Marine x2  
  127  7:40  Marine  
  127  7:41  Marine  
  115  7:45  Marine x4  
  115  7:49  Marine  
  109  7:55  Marine x2  
  109  7:56  Siege Tank, Medivac  
  109  7:57  Medivac  
  109  7:58  Marine  
  102  7:59  Marine  
  102  8:03  SCV, Marine x4  
  102  8:05  SCV  
  103  8:07  Marine  
  99  8:13  Marine x2  
  99  8:16  Marine  
  99  8:18  Combat Shield  
  99  8:22  Supply Depot x3  
  92  8:31  Marine x3  
  92  8:32  Marine  
  86  8:36  Marine  
  86  8:42  Siege Tank, Marine x4  
  93  8:49  Supply Depot, Marine x4  
  93  8:54  Marine  
  98  9:00  Marine x4  
  99  9:07  Marine x3  
  102  9:10  Marine  
  102  9:12  Marine  
  102  9:13  Medivac  
  106  9:18  Marine x4  
  106  9:24  Siege Tank, Marine x2  
  106  9:27  SCV  
  106  9:29  Marine  
  111  9:34  Marine x2  
  111  9:36  Marine  
  111  9:37  Marine  
  106  9:44  Marine  
  80  9:46  Marine  
  80  9:47  Marine  
  80  9:48  Marine  
  80  9:50  Marine  
  80  9:52  Marine x2  
  60  9:54  Marine x2  
  62  10:01  SCV  
  62  10:02  Marine  
  62  10:05  SCV  
  65  10:08  Marine  
  65  10:11  Marine  
  68  10:18  Marine  
  68  10:19  Marine x2  
  71  10:26  Marine x3  
  73  10:28  SCV x2  
  73  10:30  Marine  
  75  10:40  SCV